 Seeded DCSS version 0.30.1-4-g462c640d31 (webtiles) character file.

Game seed: 6351066067085065685 (custom seed)

7 Esekla the Grave Robber (level 1, 0/10 HPs)
             Began as a Deep Elf Necromancer on Aug 11, 2023.
             Slain by an adder (2 damage)
             ... on level 4 of the Dungeon.
             The game lasted 00:02:46 (433 turns).

Esekla the Grave Robber (Deep Elf Necromancer)       Turns: 433, Time: 00:02:47

Health: 0/10       AC:  2    Str:  5    XL:     1   Next: 83%
Magic:  6/6        EV: 12    Int: 19    God:
Gold:   62         SH:  0    Dex: 15    Spells: 5/6 levels left

rFire   . . .        c - +0 short sword
rCold   . . .        (no shield)
rNeg    . . .        a - +0 robe
rPois   .            (no helmet)
rElec   .            (no cloak)
rCorr   .            (no gloves)
SInv    .            (no boots)
Will    .....        (no amulet)
Stlth   ++           (no ring)
HPRegen 0.21/turn    (no ring)
MPRegen 0.10/turn

%: no passive effects
@: no status effects
A: no striking features
a: no special abilities


You were on level 4 of the Dungeon.
You visited 1 branch of the dungeon, and saw 4 of its levels.

You collected 62 gold pieces.

Inventory:

Hand Weapons
 c - a +0 short sword (weapon)
Armour
 a - a +0 robe (worn)
 i - a +0 helmet
Wands
 g - a wand of roots (9)
Scrolls
 e - a scroll of fear {unknown}
Potions
 b - a potion of magic
 d - a potion of ambrosia {unknown}
 f - a potion of haste {unknown}
 h - a potion of mutation {unknown}


   Skills:
 * Level 2.6 Dodging
 + Level 2.5 Stealth
 * Level 3.0 Spellcasting
 + Level 5.1 Necromancy


You had 5 spell levels left.
You knew the following spells:

 Your Spells              Type           Power      Damage    Failure   Level
a - Necrotise             Necr           88%        1d8       1%          1

Your spell library contained the following spells:

 Spells                   Type           Power      Damage    Failure   Level
 Vampiric Draining        Necr           22%        2d7       5%          3
 Animate Dead             Necr           22%        N/A       19%         4
 Agony                    Necr           22%        N/A       45%         5


Dungeon Overview and Level Annotations

Branches:
Dungeon (4/15)
 Temple: D:4-7

Altars:
Okawaru

Shops:
D:2 =


Message History

Found a lumpy dark potion.
As you open the door, it creaks loudly!
Found an iron altar of Okawaru.
There is an open door here.
There is an open door here.
Found 11 gold pieces.
h - a lumpy dark potion You now have 62 gold pieces (gained 11).
You open the door.
There is an open door here.
Found an escape hatch in the ceiling.
Found a leather armour.
Found a helmet.
There is an escape hatch in the ceiling here.
Found an escape hatch in the floor.
Found 13 gold pieces and a rapier.
You see here a +0 helmet.
i - a +0 helmet
There is an escape hatch in the floor here.
An adder and a worm come into view.
The adder hisses angrily.
There is an escape hatch in the floor here.
You miss the adder. The adder bites you.
You are poisoned.
The adder poisons you! The adder closely misses you.
You miss the adder.
You feel sick. The adder closely misses you.
You hit the adder but do no damage.
You feel sick. The adder barely misses you.
You hit the adder.
The adder is moderately wounded.
You feel sick. The adder closely misses you. The adder bites you.
* * * LOW HITPOINT WARNING * * *
You hit the adder.
The adder is heavily wounded.
You feel sick.
You are no longer poisoned.
The adder closely misses you.
You hit the adder.
The adder is severely wounded.
The adder bites you.
You die...

.+ #. ........ ..# ..####
............ ..###......
............ #.##.......
....w......#####.##.......
...... .......##..........
......####....##..........
........#.................
........#@.......<........
......$.S.................
..........................
......)............##.....
...................##.....
........##.........##.....
##......##.......[.#######
###################


You could see an adder.

Vanquished Creatures
  3 ball pythons (D:1)
  A frilled lizard (D:1)
  2 kobolds (D:1)
6 creatures vanquished.

Notes
Turn   | Place    | Note
-------+----------+-------------------------------------------
     0 | D:1      | Esekla the Deep Elf Necromancer began the quest for the
                  | Orb.
     0 | D:1      | Reached XP level 1. HP: 10/10 MP: 6/6
    98 | D:1      | Reached skill level 5 in Necromancy
   270 | D:2      | Found Renulab's Jewellery Shop.
   379 | D:4      | Found an iron altar of Okawaru.
   433 | D:4      | Slain by an adder

Illustrated notes

Levels and vault maps discovered:
D:1:      sevenhm_arrival_forest_fort_small_3, layout_rooms,
          chequers_serial_rivers_room_b, minmay_misc_feat_five
D:2:      layout_loops_ring, dreamdust_ecumenical_altar_angels_and_demons,
          serial_shops, shop
D:3:      layout_basic, grunt_temple_overflow_open, minmay_misc_feat_iff
D:4:      layout_basic, nicolae_overflow_quartered_altars, serial_shops,
          nicolae_diamond_shop

Skill      XL: |  1 |
---------------+----+-----
Necromancy     | 5 |  5.1
Dodging        | |  2.6
Stealth        | |  2.5
Spellcasting   | |  3.0

Action                     || total
---------------------------++-------
  Melee: Short sword       ||    25
         Unarmed           ||     9
 Armour: Robe              ||     6
  Dodge: Dodged            ||    24
